 Dungeon Crawl Stone Soup version 0.16-a0-1196-ged0958e (webtiles) character file.

554908 MackTheKnife the Warrior (level 26, -7/187 HPs)
             Began as an Octopode Wanderer on Oct 9, 2014.
             Was a High Priest of Ru.
             Mangled by an emperor scorpion (15 damage)
             ... summoned by a greater mummy
             ... on level 11 of a ziggurat on Oct 11, 2014.
             The game lasted 05:59:08 (101416 turns).

MackTheKnife the Warrior (Octopode Wanderer)      Turns: 101416, Time: 05:59:08

Health: -7/187     AC:  3    Str: 16    XL:     26   Next: 99%
Magic:  30/43      EV: 29    Int: 30    God:    Ru [*****.]
Gold:   3340       SH:  9    Dex: 20    Spells: 10 memorised, 5 levels left

rFire  + + .     SeeInvis +     a - +8 demon blade (elec)
rCold  . . .     Clarity  +     F - +3 buckler
rNeg   + . .     SustAb   +     H - +2 hat {Int+3}
rPois  +         Gourm    .     g - amulet of clarity
rElec  +         Spirit   .     E - +5 ring of intelligence
rCorr  .         Warding  .     r - ring "Criroil" {rN+ SInv}
rMut   .         Stasis   .     G - ring "Crijus" {EV+3 Slay+4}
MR     +++..                    S - cursed ring of Gymeodi {rPois MR+ Stlth+}
Stlth  ++++++++..               d - ring of Surprise {Str+2 Dex+3}
                                c - ring of Pride {Wiz Contam rF++}
                                q - cursed ring "Smuem" {SustAb Int+4}
                                L - ring of protection from magic

@: lethally poisoned, exhausted, no potions, slowed, heavily drained, very slow,
extremely resistant to hostile enchantments, extraordinarily stealthy
A: almost no armour, amphibious, 8 rings, constrict 8, molten scales 1, yellow
scales 1, camouflage 1, electricity resistance, gelatinous body 1, no device
heal 1, inability to drink while threatened, hated by all, no charms magic, no
necromancy magic, no poison magic, vulnerability to harm 1
a: Sacrifice Purity, Sacrifice Stealth, Sacrifice Health, Reject Sacrifices,
Draw Out Power, Power Leap, Apocalypse, Renounce Religion
}: 2/15 runes: serpentine, barnacled


You were on level 11 of a ziggurat.
You worshipped Ru.
Ru was extremely pleased with you.
You were full.

You visited 11 branches of the dungeon, and saw 55 of its levels.
You visited 1 bazaar.
You visited 1 ziggurat, and saw 11 of its levels.
You also visited: Labyrinth, Sewer, Bailey and Ice Cave.

You collected 8352 gold pieces.
You spent 5012 gold pieces at shops.


Innate Abilities, Weirdness & Mutations

You cannot wear most types of armour.
You are amphibious.
You can wear up to eight rings at the same time.
You can use your tentacles to constrict many enemies at once.
Your skin changes colour to match your surroundings (Stealth).
Your rubbery body absorbs attacks (AC +1).
Potions and wands are less effective at restoring your health.
You cannot drink potions while threatened.
You are hated by all.
You cannot study or cast Charms magic.
You cannot study or cast Necromancy magic.
You cannot study or cast Poison magic.
You take slightly more damage. (-3 AC)
You are partially covered in molten scales (AC +1).
You are partially covered in yellow scales (AC +2).
You are resistant to electric shocks.


   Skills:
 - Level 17.1(14.9) Fighting
   Level 9.8(10.5) Short Blades
 - Level 12.9(11.9) Long Blades
   Level 2.0(1.0) Polearms
 - Level 2.4(1.3) Staves
 - Level 17.0(14.7) Dodging
 - Level 15.5(13.4) Stealth
 - Level 7.0(5.2) Shields
 - Level 15.6(13.4) Spellcasting
 + Level 17.0(14.7) Conjurations
 - Level 14.3(12.2) Hexes
 - Level 13.9(11.8) Translocations
 + Level 15.2(13.1) Ice Magic
 - Level 7.8(6.0) Air Magic
 - Level 8.1(6.3) Evocations


You had 5 spell levels left.
You knew the following spells:

 Your Spells              Type           Power        Failure   Level  Hunger
a - Phase Shift           Tloc           ######....   1%          5    None
b - Blink                 Tloc           N/A          1%          2    None
e - Freezing Cloud        Conj/Ice/Air   ######....   1%          6    ####...
r - Invisibility          Hex            #######.     1%          6    ####...
t - Silence               Hex/Air        ######....   1%          5    None
u - Glaciate              Conj/Ice       #######...   99%         9    #######
x - Bolt of Cold          Conj/Ice       #######...   1%          6    ####...
y - Apportation           Tloc           ######....   1%          1    None
z - Iskenderun's Mystic   Conj           #######.     1%          4    None
B - Controlled Blink      Tloc           N/A          7%          7    #####..

Inventory:

Hand weapons
 a - a +8 demon blade of electrocution (weapon)
 b - the cursed +3 Elemental Staff {rElec rF++ rC++ MR++ AC+5}
   (You took it off a deep elf knight on level 3 of the Elven Halls)

   It affects your AC (+5).
   It greatly protects you from fire.
   It greatly protects you from cold.
   It insulates you from electricity.
   It affects your resistance to hostile enchantments.
   It has a curse placed upon it.
Missiles
 o - 10 stones (quivered)
Armour
 F - a +3 buckler (worn)
 H - a +2 hat of intelligence (worn)
Magical devices
 e - a wand of heal wounds (7)
 w - a wand of disintegration (5)
 x - a wand of digging (11)
 C - a wand of digging (9)
 R - a wand of teleportation (4)
 W - a wand of disintegration (11)
 Y - a wand of cold (3)
Comestibles
 m - 6 meat rations
 I - 25 fruits
 K - 2 bread rations
Scrolls
 f - 3 scrolls of amnesia
 k - 16 scrolls of remove curse
 l - 8 scrolls of identify
 s - 2 scrolls of silence
 u - 3 scrolls of blinking
 z - 3 scrolls of recharging
 N - 13 scrolls of fog
 Q - 15 scrolls of teleportation
 V - 2 scrolls of magic mapping
 X - 6 scrolls of fear
 Z - 8 scrolls of enchant armour
Jewellery
 c - the ring of Pride (on tentacle) {Wiz Contam rF++}
   (You found it on level 3 of the Crypt)

   [ring of wizardry]

   It improves your spell success rate.
   It greatly protects you from fire.
   It causes magical contamination when unequipped.
 d - the ring of Surprise (on tentacle) {Str+2 Dex+3}
   (You acquired it on level 6 of the Lair of Beasts)

   [ring of dexterity]

   It affects your strength (+2).
   It affects your dexterity (+3).
 g - an amulet of clarity (around mantle)
 h - an uncursed ring of protection from cold
 q - the cursed ring "Smuem" (on tentacle) {SustAb Int+4}
   (You bought it in a shop on level 4 of the Orcish Mines)

   [ring of sustain abilities]

   It sustains your strength, intelligence and dexterity.
   It affects your intelligence (+4).
   It has a curse placed upon it.
 r - the ring "Criroil" (right tentacle) {rN+ SInv}
   (You found it on level 3 of the Crypt)

   [ring of positive energy]

   It protects you from negative energy.
   It enhances your eyesight.
 E - a +5 ring of intelligence (left tentacle)
 G - the ring "Crijus" (on tentacle) {EV+3 Slay+4}
   (You bought it in a shop on level 12 of the Dungeon)

   [ring of evasion]

   It affects your evasion (+3).
   It affects your accuracy and damage with ranged weapons and melee attacks
   (+4).
 L - a ring of protection from magic (on tentacle)
 S - the cursed ring of Gymeodi (on tentacle) {rPois MR+ Stlth+}
   (You found it in a labyrinth)

   [ring of poison resistance]

   It protects you from poison.
   It affects your resistance to hostile enchantments.
   It makes you more stealthy.
   It has a curse placed upon it.
Potions
 i - 10 potions of heal wounds
 j - 9 potions of restore abilities
 p - a potion of porridge
 t - 2 potions of cancellation
 y - 25 potions of curing
 A - 13 potions of brilliance
 B - 2 potions of cure mutation
 D - 10 potions of agility
 J - 6 potions of magic
 M - 6 potions of flight
 O - 2 potions of might
 P - 9 potions of haste
 T - 3 potions of resistance
 U - 2 potions of invisibility
Magical staves
 v - a cursed staff of wizardry {!a}

▓▓ ▓▓▓ ▓··· ······▓
▓▓····· ······▓
▓▓······ ······)▓
▓▓·······♣ ······!(▓
▓▓·······♣♣ ♣···s?[|M
▓·∩·······♣ ♣··ZM£?s>
▓▓·······♣♣♣♣M··###?∩▓
▓▓·········xb··sM#s▓
▓▓·········s··###▓▓
▓▓·············▓▓
▓▓···········▓▓
▓▓▓▓▓▓▓▓▓▓▓▓▓


You could see 3 greater mummies, 5 emperor scorpions, a bennu and a tengu
zombie.


Message History

* * * LOW HITPOINT WARNING * * *
Unknown command.
You feel very sick.
The greater mummy calls on the powers of darkness!
The emperor scorpion convulses! x3
The bennu convulses!
Your body is wracked with pain!
You feel threatened and lose the ability to drink potions!
* * * LOW HITPOINT WARNING * * *
The bennu misses you. The bennu completely misses you. The bennu claws you.
* * * LOW HITPOINT WARNING * * *
The greater mummy is engulfed in freezing vapours.
The greater mummy gestures wildly while chanting.
The bennu completely misses you. The bennu claws you!
* * * LOW HITPOINT WARNING * * *
You block the bennu's attack. The emperor scorpion barely misses you.
The emperor scorpion completely misses you. x2
Unknown command.
Evoke which item? (* to show all) (? for menu, Esc to quit)
Zapping:
e - a wand of heal wounds (8)
You feel much better.
This wand has 7 charges left.
You feel very sick. The bennu pecks you!
* * * LOW HITPOINT WARNING * * *
The bennu completely misses you. You block the bennu's attack.
You block the bennu's attack. The bennu claws you!
* * * LOW HITPOINT WARNING * * *
You block the bennu's attack.
The emperor scorpion closely misses you.
The emperor scorpion claws you!
You die...

Action                   |  1- 3 |  4- 6 |  7- 9 | 10-12 | 13-15 | 16-18 | 19-21 | 22-24 | 25-27 || total
-------------------------+-------+-------+-------+-------+-------+-------+-------+-------+-------++-------
Melee: Dagger            |    52 |   114 |   364 |   822 |  1525 |  1267 |   963 |   463 |       ||  5570
       Blowgun           |       |       |     2 |       |       |       |       |       |       ||     2
       Staff             |       |       |       |       |       |       |     1 |    25 |     4 ||    30
       Demon blade       |       |       |       |       |       |       |       |   799 |   971 ||  1770
 Fire: Blowgun           |       |    11 |    29 |    29 |       |       |       |       |       ||    69
Throw: Stone             |       |     4 |     5 |       |     7 |     8 |     2 |    10 |    23 ||    59
 Cast: Invisibility      |       |       |       |       |    29 |    14 |     5 |     4 |    13 ||    65
       Stoneskin         |       |       |       |       |     1 |       |     2 |       |       ||     3
       Silence           |       |       |       |       |       |     9 |       |       |     3 ||    12
       Freezing Cloud    |       |       |       |       |       |     1 |   104 |   111 |    51 ||   267
       Iskenderun's Myst |       |       |       |       |       |     1 |    19 |    58 |     4 ||    82
       Bolt of Cold      |       |       |       |       |       |       |   227 |   132 |    29 ||   388
       Summon Lightning  |       |       |       |       |       |       |     2 |       |       ||     2
       Phase Shift       |       |       |       |       |       |       |     9 |    33 |    44 ||    86
       Controlled Blink  |       |       |       |       |       |       |       |       |     1 ||     1
Invok: Sacrifice Arcana  |       |       |     1 |       |       |       |       |       |       ||     1
       Sacrifice Love    |       |       |     1 |       |       |       |       |       |       ||     1
       Sacrifice Purity  |       |       |       |     1 |       |       |       |       |       ||     1
       Sacrifice Drink   |       |       |       |       |     1 |       |       |       |       ||     1
       Reject Sacrifices |       |       |       |       |     1 |     2 |       |       |       ||     3
       Draw Out Power    |       |       |       |       |     1 |     3 |    10 |     4 |     2 ||    20
       Sacrifice Health  |       |       |       |       |       |       |     1 |       |       ||     1
       Apocalypse        |       |       |       |       |       |       |       |     2 |     9 ||    11
       Power Leap        |       |       |       |       |       |       |       |     1 |       ||     1
 Abil: Evoke Berserk Rag |       |     1 |     1 |       |       |       |       |       |       ||     2
Evoke: Wand              |     5 |     2 |    16 |    19 |    27 |    12 |    24 |    22 |    12 ||   139
       Sack of spiders   |       |       |       |       |     1 |       |       |       |       ||     1
  Use: Scroll            |       |     7 |    10 |    17 |    19 |    24 |    21 |     8 |    26 ||   132
       Potion            |       |       |       |     3 |     8 |     5 |       |     1 |     9 ||    26
 Stab: Sleeping          |     4 |    14 |    24 |    58 |   132 |    93 |    70 |    35 |    27 ||   457
       Paralysed         |       |       |     2 |       |     1 |       |     3 |     2 |    17 ||    25
       Distracted        |       |       |     3 |     7 |    11 |     9 |     6 |     9 |     5 ||    50
       Invisible         |       |       |       |     2 |   115 |    43 |    38 |    38 |    36 ||   272
       Confused          |       |       |       |     1 |     5 |       |       |       |       ||     6
       Fleeing           |       |       |       |       |     1 |       |       |       |       ||     1
  Eat: Chunk             |     1 |     5 |    16 |    27 |    44 |    18 |    76 |    44 |     7 ||   238
       Bread ration      |       |     1 |     1 |     1 |     4 |     2 |     4 |     6 |     2 ||    21
       Pizza             |       |       |     1 |     1 |       |     1 |     3 |     1 |     1 ||     8
       Fruit             |       |       |       |     1 |     3 |       |     3 |       |     1 ||     8
       Beef jerky        |       |       |       |     1 |     2 |     2 |     2 |     4 |     3 ||    14
       Meat ration       |       |       |       |     1 |       |     4 |     4 |     3 |     7 ||    19
       Royal jelly       |       |       |       |       |     1 |       |     1 |     2 |     1 ||     5

Vault maps used:
D:1:      sevenhm_arrival_forest_fort_large_1
D:2:      first_bread, minmay_misc_feat_encased, uniq_iyjb
D:3:      trog_book
D:4:      minmay_temple_entry_statues_fountains, serial_shops,
          kennysheep_little_box
D:6:      evilmike_ruin_ashenzari, portal_sewer_entry_e, minivault_24, hex_large
D:7:      serial_undead, serial_undead_a, serial_undead_f, serial_undead_e,
          serial_undead_c
D:8:      nicolae_overflow_hidden_temple, hangedman_tree_tricks, uniq_joseph
D:10:     hangedman_abyss_or_decor_passed, lemuel_angel_altar
D:11:     dpeg_lair_monsters, minivault_25_ag, roderic_roman_lattice,
          spider_trap, uniq_nessos, uniq_fannar
D:12:     minmay_stone_box, zombieorc2_lemuel, enter_bailey_8,
          nicolae_trove_entry_crystal, serial_shops, nicolae_shop_trees,
          uniq_harold
D:13:     david_vaults_1, nicolae_gozag_cash_rules_everything_around_me
D:14:     minmay_big_diamond_grid, serial_shops, nicolae_shop_crystal,
          st_stairs_14
D:15:     grunt_enter_depths_hoard, serial_shops, shop_fountains,
          yredelemnul_altar_generic, minivault_14, roderic_lattice_a
Temple:   nicolae_temple_x_marks_the_god_16
Orc:1:    nicolae_orc_lava_tube
Orc:2:    lemuel_ogre_cave
Orc:3:    basic_altar, nicolae_orc_pool_cavern, hangedman_minor_magic
Orc:4:    portal_ice_cave_entry_imps, st_orc_congregation
Elf:1:    eino_elf_arrival_altar, serial_shops, nicolae_shop_trees, shop,
          nicolae_shop_trees, shop, minmay_elf_sorcery, minivault_23,
          uniq_aizul, uniq_frances
Elf:2:    serial_shops, nicolae_shop_crystal, lemuel_elevator, uniq_agnes
Elf:3:    minmay_elf_hall_x, patterned_corridor
Lair:1:   beast_lair_carwin_large_3, baited_tele_trap
Lair:2:   minmay_holes, minivault_26
Lair:3:   guppyfry_snake_entry_garden, serial_bayou_shore_a
Lair:4:   serial_bayou_crossing, lemuel_fruit_tree
Lair:5:   beast_lair_carwin_large_4, minmay_shoals_entry_beasts,
          grunt_megastairs_4
Lair:6:   slime_altar_2, lab_entry_generic
Lair:7:   minmay_lair_oklob_chamber, st_stairs_6
Lair:8:   hangedman_lair_tendril_chambers, infiniplex_staircase_pool_2
Shoals:1: shoals_atoll
Shoals:2: nicolae_shoals_hunting_party
Shoals:3: serial_shops, shop
Shoals:4: lemuel_oklob_altar
Shoals:5: shoals_end_hangedman, shoal_ilsuiw
Snake:1:  uniq_donald
Snake:2:  uniq_vashnia, uniq_kirke
Snake:3:  serial_shops, nicolae_shop_trees, shop, nicolae_shop_waterfront, shop,
          serial_bayou_shore_b, grunt_megastairs_3, uniq_louise
Snake:4:  uniq_rupert
Snake:5:  snake_pit, serial_shops, bzr_entry_water, guppyfry_library_mini
Vaults:1: hangedman_vaults_maws, nicolae_vaults_meeting,
          hangedman_vaults_impose, grunt_vaults_twisty,
          hangedman_vaults_river_flow, ontoclasm_vaults_bender,
          vaults_room_semicircle
Vaults:2: v_alt_pattern_2, vaults_room_octagon, hangedman_vaults_stream,
          nicolae_vaults_shelves_hall, ontoclasm_vaults_loading_screen,
          hangedman_vaults_maws, uniq_xtahua
Vaults:3: nicolae_vaults_puzzle_piece, nicolae_vaults_mini_display_case,
          nicolae_vaults_display_case, hangedman_vaults_pinch, v_misc_9,
          v_misc_5, v_misc_25, v_rooms_5, vaults_dpeg_hooks,
          ontoclasm_vaults_gateway, ontoclasm_vaults_ligature, vaults_room_grid,
          ontoclasm_vaults_hangar, nicolae_vaults_little_squares_4,
          minmay_crypt_entry_skeletal_spiral, serial_shops, shop
Vaults:4: nicolae_vaults_know_your_exits, v_rooms_5, hangedman_vaults_nodes,
          grunt_vaults_diagonal, nicolae_vaults_little_squares_1,
          vaults_room_mumra_shop_pool, hangedman_vaults_stitches,
          v_alt_pattern_4, vaults_dpeg_cross, ontoclasm_vaults_spin, uniq_mennas
Vaults:5: serial_shops, uniq_wiglaf
Crypt:1:  serial_sigils_hangedman_gnaw, moated_statue,
          nrook_guardian_serpent_ordinary
Crypt:2:  crypt_curse_skull, uniq_mara
Crypt:3:  lightli_unholy_cathedral,
          nicolae_tomb_entry_unfolded_pyramid_orthogonal, uniq_jorgrun
Depths:1: hellmouth_1, kennysheep_crisscross, serial_shops, shop_statue,
          lemuel_flamethrower_3, firewood_loft
Depths:2: lemuel_minitomb, minmay_room_of_horrors, minmay_misc_feat_nine_boxes,
          serial_shops, shop, hell_entry, minmay_staircase_statues_hall_small,
          uniq_saint_roka
Depths:3: minmay_connected_boxes_in_corner, enter_ziggurat_d, pan_entry,
          minmay_staircase_bubble, grunt_hell_entry_dis_grunt
Depths:4: evilmike_pillar_path, abyss_entry, pan_entry, minmay_misc_feat_chi,
          hell_entry, infiniplex_staircase_diamond
Depths:5: grunt_crosshair, serial_sigils_hangedman_writhe,
          grunt_hell_entry_demonic_statue, pan_entry, serial_bayou_shore_b,
          serial_bayou_shore_b, uniq_jory, uniq_margery, uniq_sojobo
Zig:6:    ziggurat_pillar_centre_smoke
Zig:11:   ziggurat_pillar_centre_dead_trees
Lab:      labyrinth_spiral, nicolae_lab_hexagon, lab_block,
          nicolae_lab_flowing_pool, nicolae_lab_stuck, labyrinth_glass_1,
          nicolae_lab_very_dead_end, nicolae_lab_grate, nicolae_lab_t_cross,
          labyrinth_skeletal_remains
Bazaar:   bazaar_jpeg_cross
Sewer:    sewer_kobolds
Bailey:   bailey_axe_1, bailey
IceCv:    ice_cave_caverns_02

Notes
Turn   | Place    | Note
--------------------------------------------------------------
     0 | D:1      | MackTheKnife, the Octopode Wanderer, began the quest for the Orb.
     0 | D:1      | Reached XP level 1. HP: 16/16 MP: 1/1
   129 | D:1      | Reached skill level 3 in Stealth
   289 | D:1      | Reached XP level 2. HP: 21/21 MP: 2/2
   416 | D:1      | Reached skill level 4 in Stealth
   908 | D:2      | Noticed Ijyb
   957 | D:2      | Killed Ijyb
   957 | D:2      | Reached skill level 5 in Stealth
   957 | D:2      | Reached XP level 3. HP: 9/26 MP: 4/4
  1234 | D:2      | Reached XP level 4. HP: 23/31 MP: 5/5
  1401 | D:2      | Reached skill level 6 in Stealth
  1886 | D:3      | Noticed Talonman's ghost (average DsGl)
  2430 | D:3      | Reached skill level 7 in Stealth
  2473 | D:3      | Reached XP level 5. HP: 36/36 MP: 6/6
  2569 | D:3      | Killed Talonman's ghost
  2569 | D:3      | Reached skill level 2 in Dodging
  2569 | D:3      | Reached XP level 6. HP: 43/43 MP: 8/8
  2861 | D:3      | Found a bloodstained altar of Trog.
  2979 | D:3      | Reached skill level 4 in Fighting
  3132 | D:4      | Found a staircase to the Ecumenical Temple.
  3151 | Temple   | Entered the Ecumenical Temple
  3329 | Temple   | Became a worshipper of Ru the Awakened
  3632 | D:4      | Reached skill level 3 in Dodging
  4167 | D:4      | Reached skill level 4 in Dodging
  4188 | D:4      | Reached XP level 7. HP: 48/48 MP: 9/9
  4374 | D:4      | Reached skill level 5 in Dodging
  4621 | D:5      | Entered Level 5 of the Dungeon
  4701 | D:5      | Gained mutation: You cannot study or cast Charms magic. [Ru sacrifice]
  4701 | D:5      | Gained mutation: You cannot study or cast Necromancy magic. [Ru sacrifice]
  4701 | D:5      | Gained mutation: You cannot study or cast Poison magic. [Ru sacrifice]
  4701 | D:5      | Acquired Ru's first power
  5523 | D:5      | Reached skill level 6 in Dodging
  5853 | D:5      | Noticed M4edhros' ghost (average OpAr)
  5886 | D:5      | Killed M4edhros' ghost
  5886 | D:5      | Reached skill level 7 in Dodging
  5886 | D:5      | Reached XP level 8. HP: 54/54 MP: 10/10
  6062 | D:6      | Found a shattered altar of Ashenzari.
  6187 | D:6      | Reached skill level 8 in Dodging
  6564 | D:6      | Reached skill level 9 in Dodging
  6612 | D:6      | Found a glowing drain.
  6618 | Sewer    | Entered a sewer
  6624 | Sewer    | Reached skill level 1 in Short Blades
  6678 | Sewer    | Reached skill level 2 in Short Blades
  6828 | Sewer    | Found a white marble altar of Elyvilon.
  6972 | D:6      | Reached skill level 3 in Short Blades
  6988 | D:6      | Reached XP level 9. HP: 47/58 MP: 10/12
  7002 | D:6      | Gained mutation: You are hated by all. [Ru sacrifice]
  7002 | D:6      | Acquired Ru's second power
  7157 | D:6      | Reached skill level 4 in Short Blades
  7610 | D:7      | Reached skill level 5 in Short Blades
  7924 | D:7      | Reached skill level 6 in Short Blades
  8253 | D:7      | Reached skill level 5 in Fighting
  8637 | D:8      | Reached skill level 6 in Fighting
  8723 | D:8      | Noticed Joseph
  8725 | D:8      | Found a stormy altar of Qazlal.
  8744 | D:8      | Found a radiant altar of Vehumet.
  9247 | D:8      | Reached skill level 3 in Evocations
  9319 | D:8      | Reached skill level 8 in Stealth
  9364 | D:8      | Reached XP level 10. HP: 65/69 MP: 16/16
  9420 | D:8      | Reached skill level 4 in Evocations
  9446 | D:8      | Noticed a wandering mushroom
  9447 | D:8      | Killed a wandering mushroom
  9447 | D:8      | Reached skill level 9 in Stealth
  9452 | D:8      | Noticed a wandering mushroom
  9453 | D:8      | Killed a wandering mushroom
  9453 | D:8      | Reached skill level 5 in Evocations
  9457 | D:8      | Found a blossoming altar of Fedhas.
  9457 | D:8      | Noticed a wandering mushroom
  9457 | D:8      | Noticed a wandering mushroom
  9460 | D:8      | Killed a wandering mushroom
  9461 | D:8      | Killed a wandering mushroom
  9461 | D:8      | Reached skill level 6 in Evocations
  9742 | D:8      | Reached skill level 10 in Stealth
 10414 | D:9      | Reached skill level 7 in Evocations
 10662 | D:10     | Entered Level 10 of the Dungeon
 10721 | D:10     | Reached skill level 11 in Stealth
 10900 | D:10     | Noticed a hill giant
 10959 | D:10     | Killed a hill giant
 10959 | D:10     | Reached skill level 8 in Evocations
 11331 | D:10     | Found a white marble altar of Elyvilon.
 11332 | D:10     | Noticed an angel
 11589 | D:11     | Noticed Nessos
 11592 | D:11     | Killed Nessos
 11592 | D:11     | Reached skill level 12 in Stealth
 11592 | D:11     | Reached XP level 11. HP: 73/73 MP: 22/22
 11746 | D:11     | Reached skill level 13 in Stealth
 12420 | D:11     | Reached skill level 7 in Fighting
 12842 | D:11     | Noticed Fannar
 13173 | D:11     | Found a staircase to the Lair.
 13649 | D:11     | Reached skill level 8 in Fighting
 13663 | D:11     | Learned a level 6 spell: Invisibility
 13665 | Lair:1   | Entered Level 1 of the Lair of Beasts
 13747 | Lair:1   | Reached skill level 1 in Spellcasting
 13747 | Lair:1   | Reached skill level 1 in Hexes
 14159 | Lair:1   | Reached skill level 2 in Hexes
 14160 | Lair:1   | Reached skill level 2 in Spellcasting
 14408 | Lair:1   | Reached skill level 3 in Hexes
 14716 | Lair:1   | Reached skill level 3 in Spellcasting
 15516 | Lair:2   | Reached skill level 4 in Hexes
 15582 | Lair:2   | Reached skill level 4 in Spellcasting
 15947 | Lair:2   | Reached XP level 12. HP: 61/82 MP: 16/23
 16090 | Lair:2   | Noticed a seven-headed hydra
 16153 | Lair:1   | Reached skill level 5 in Hexes
 16506 | Lair:2   | Reached skill level 5 in Spellcasting
 17010 | Lair:3   | Found a staircase to the Snake Pit.
 17016 | Lair:3   | Reached skill level 6 in Hexes
 17195 | Lair:3   | Reached skill level 6 in Spellcasting
 18662 | Lair:4   | Reached skill level 7 in Hexes
 18720 | Lair:4   | Noticed a seven-headed hydra
 18720 | Lair:4   | Noticed a death yak
 18802 | Lair:4   | Killed a seven-headed hydra
 18802 | Lair:4   | Reached skill level 7 in Spellcasting
 19234 | Lair:4   | Noticed a death yak
 19299 | Lair:4   | Killed a death yak
 19448 | Lair:4   | Gained mutation: Potions and wands are less effective at restoring your health. [Ru sacrifice]
 19536 | Lair:4   | Noticed a death yak
 19543 | Lair:4   | Killed a death yak
 19543 | Lair:4   | Reached skill level 8 in Hexes
 19546 | Lair:4   | Killed a death yak
 20026 | Lair:5   | Reached skill level 8 in Spellcasting
 20317 | Lair:5   | Noticed a dire elephant
 20669 | Lair:5   | Reached XP level 13. HP: 59/88 MP: 21/29
 20818 | Lair:5   | Reached skill level 9 in Hexes
 21534 | Lair:5   | Reached skill level 9 in Spellcasting
 21795 | Lair:5   | Gained mutation: You are dopey. (Int -2) [mutagenic glow]
 22022 | Lair:4   | Gained mutation: You are resistant to electric shocks. [potion of mutation]
 22022 | Lair:4   | Gained mutation: You are partially covered in molten scales (AC +1). [potion of mutation]
 22022 | Lair:4   | Gained mutation: You are partially covered in yellow scales (AC +2). [potion of mutation]
 22106 | Lair:5   | Identified a scroll of acquirement
 22164 | Lair:5   | Found a staircase to the Shoals.
 22375 | Lair:5   | Reached skill level 10 in Hexes
 22750 | Lair:5   | Reached skill level 10 in Spellcasting
 23156 | Lair:6   | Found a labyrinth entrance.
 23166 | Lab      | Entered a labyrinth
 23449 | Lab      | Noticed a minotaur
 23485 | Lab      | Killed a minotaur
 23489 | Lab      | Got a warped blowgun
 23514 | Lab      | Got a fine bronze ring
 23519 | Lab      | Identified the ring of Gymeodi {rPois MR+ Stlth+} (You found it in a labyrinth)
 23639 | Lair:6   | Identified the +7 blowgun "Guqoe" {speed, rElec MR+} (You took it off a minotaur in a labyrinth)
 23696 | Lair:6   | Got a sparkling silver ring
 23697 | Lair:6   | Identified the ring of Surprise {Str+2 Dex+3} (You acquired it on level 6 of the Lair of Beasts)
 23802 | Lair:6   | Found a viscous altar of Jiyva.
 23805 | Lair:6   | Found a staircase to the Slime Pits.
 23948 | Lair:6   | Gained mutation: You cannot drink potions while threatened. [Ru sacrifice]
 23948 | Lair:6   | Acquired Ru's third power
 23948 | Lair:6   | Acquired Ru's fourth power
 24096 | Lair:6   | Reached skill level 11 in Hexes
 24518 | Lair:7   | Reached XP level 14. HP: 74/94 MP: 26/32
 24886 | Lair:7   | Reached skill level 11 in Spellcasting
 25161 | Lair:7   | Reached skill level 12 in Hexes
 25679 | Lair:8   | Entered Level 8 of the Lair of Beasts
 26621 | Lair:8   | Reached skill level 13 in Hexes
 27532 | Lair:8   | Learned a level 2 spell: Stoneskin
 28052 | Lair:8   | Reached skill level 14 in Hexes
 28902 | D:12     | Noticed Harold
 28914 | D:12     | Killed Harold
 28946 | D:12     | Found a flagged portal.
 29076 | Bailey   | Entered a bailey
 29473 | D:12     | Found a staircase to the Orcish Mines.
 29530 | D:12     | Reached skill level 7 in Short Blades
 29745 | D:12     | Reached XP level 15. HP: 54/99 MP: 27/33
 29952 | D:12     | Found a portal to a secret trove of treasure.
 30007 | D:12     | Found Ukuorun's Jewellery Emporium.
 30170 | D:12     | Bought the ring "Crijus" {EV+3 Slay+4} for 716 gold pieces
 30170 | D:12     | Bought an uncursed ring of protection from magic for 400 gold pieces
 30504 | Orc:1    | Entered Level 1 of the Orcish Mines
 31090 | Orc:2    | Reached skill level 8 in Short Blades
 31416 | Orc:2    | Noticed Erolcha
 31429 | Orc:2    | Killed Erolcha
 31666 | Orc:1    | Reached skill level 9 in Short Blades
 32187 | Orc:3    | Found a roughly hewn altar of Beogh.
 32303 | Orc:3    | Learned a level 2 spell: Blink
 32546 | Orc:4    | Entered Level 4 of the Orcish Mines
 32547 | Orc:4    | Found a frozen archway.
 32593 | IceCv    | Entered an ice cave
 33236 | IceCv    | Reached skill level 10 in Dodging
 33717 | IceCv    | Got a vibrating tin amulet
 33724 | IceCv    | Identified the amulet "Imesuheu" {rCorr Str+4 Int-3} (You took it off a white draconian in an ice cave)
 34020 | Orc:4    | Found a staircase to the Elven Halls.
 34472 | Orc:4    | Reached skill level 11 in Dodging
 35455 | Orc:4    | Found Stoih's Antique Armour Shoppe.
 35458 | Orc:4    | Found Skuenur's General Store.
 35458 | Orc:4    | Found Schymp's Jewellery Emporium.
 35459 | Orc:4    | Found Weutah's Antique Weapon Shoppe.
 35526 | Orc:4    | Bought the ring "Smuem" {SustAb Int+4} for 493 gold pieces
 35529 | Orc:4    | Bought a cursed ring of teleportation for 217 gold pieces
 35538 | Orc:4    | Bought a scroll of enchant weapon for 112 gold pieces
 35538 | Orc:4    | Bought a scroll of enchant weapon for 112 gold pieces
 35538 | Orc:4    | Bought a scroll of magic mapping for 52 gold pieces
 35538 | Orc:4    | Bought 2 scrolls of identify for 60 gold pieces
 35567 | Orc:4    | Reached skill level 12 in Dodging
 35827 | D:13     | Found an opulent altar of Gozag.
 36069 | D:13     | Reached skill level 9 in Fighting
 36179 | D:13     | Found a gate to the Vaults.
 36212 | D:13     | Reached XP level 16. HP: 81/108 MP: 32/34
 36848 | D:14     | Reached skill level 10 in Fighting
 37095 | D:14     | Found Imiles' Weapon Shoppe.
 37488 | D:14     | Reached skill level 11 in Fighting
 37572 | D:15     | Entered Level 15 of the Dungeon
 37808 | D:15     | Lost mutation: You are dopey. (Int -2) [potion of beneficial mutation]
 37948 | D:15     | Found Zoel's General Store.
 37956 | D:15     | Bought a scroll of identify for 22 gold pieces
 37965 | D:15     | Found a basalt altar of Yredelemnul.
 38544 | D:15     | Found a staircase to the Depths.
 38581 | Depths:1 | Entered Level 1 of the Depths
 38794 | Elf:1    | Entered Level 1 of the Elven Halls
 38803 | Elf:1    | Reached skill level 13 in Dodging
 38810 | Elf:1    | Found a radiant altar of Vehumet.
 38815 | Elf:1    | Noticed Aizul
 38857 | Elf:1    | Killed Aizul
 39265 | Elf:1    | Found Khuix's Armour Shop.
 39279 | Elf:1    | Got a faintly glowing hat
 39290 | Elf:1    | Identified the +2 hat of the End {Str+3 Dex-3} (You acquired it on level 1 of the Elven Halls)
 39326 | Elf:1    | Found Vubybob's Assorted Antiques.
 39332 | Elf:1    | Reached skill level 1 in Shields
 39394 | Elf:1    | Bought 2 potions of curing for 148 gold pieces
 39407 | Elf:1    | Reached skill level 2 in Shields
 39467 | Elf:1    | Found Irome's Armour Emporium.
 39483 | Elf:1    | Reached skill level 3 in Shields
 39621 | Elf:1    | Reached skill level 4 in Shields
 39690 | Elf:1    | Reached skill level 5 in Shields
 39962 | Elf:1    | Noticed Frances
 40037 | Elf:1    | Found Sulom's Assorted Antiques.
 40048 | Elf:1    | Bought a scratched sapphire ring for 165 gold pieces
 40048 | Elf:1    | Bought a scroll labeled BUOFRE STRECA for 33 gold pieces
 40501 | Elf:2    | Reached skill level 6 in Shields
 40944 | Elf:2    | Found Jugoefy's Gadget Emporium.
 41165 | Elf:2    | Noticed Agnes
 41223 | Elf:3    | Entered Level 3 of the Elven Halls
 41288 | Elf:3    | Reached skill level 7 in Shields
 41391 | Elf:3    | Reached XP level 17. HP: 117/117 MP: 35/35
 41858 | Elf:3    | Learned a level 5 spell: Silence
 42023 | Elf:3    | Reached skill level 1 in Air Magic
 42154 | Elf:3    | Reached skill level 2 in Air Magic
 42199 | Elf:3    | Reached skill level 3 in Air Magic
 42336 | Elf:3    | Noticed MackTheKnife's ghost (mighty DgAE)
 42388 | Elf:3    | Killed MackTheKnife's ghost
 42388 | Elf:3    | Reached skill level 4 in Air Magic
 42426 | Elf:3    | Reached skill level 12 in Fighting
 42761 | Elf:3    | Noticed a deep elf blademaster
 42776 | Elf:3    | Killed a deep elf blademaster
 42844 | Elf:3    | Reached skill level 13 in Fighting
 43171 | Elf:3    | Noticed a deep elf master archer
 43173 | Elf:3    | Killed a deep elf master archer
 43255 | Elf:3    | Identified a +2 rod of ignition (10/10) (You took it off a deep elf high priest on level 3 of the Elven Halls)
 43397 | Elf:3    | Got a fine scimitar {pain}
 43398 | Elf:3    | Identified the cursed +1 scimitar of the Coward {pain, Str-4} (You took it off a deep elf mage on level 3 of the Elven Halls)
 43493 | Elf:3    | Reached skill level 14 in Dodging
 43823 | Elf:3    | Reached XP level 18. HP: 130/130 MP: 13/35
 44498 | D:15     | Learned a level 4 spell: Iskenderun's Mystic Blast
 44801 | Elf:3    | Learned a level 6 spell: Bolt of Cold
 44808 | Elf:3    | Learned a level 6 spell: Freezing Cloud
 45200 | D:11     | Noticed an unseen horror
 45206 | D:11     | Killed an unseen horror
 45206 | D:11     | Reached skill level 1 in Conjurations
 45326 | D:12     | Bought an uncursed ring of wizardry for 480 gold pieces
 45326 | D:12     | Bought an uncursed amulet of clarity for 320 gold pieces
 45525 | Lair:3   | Killed a seven-headed hydra
 45525 | Lair:3   | Reached skill level 1 in Ice Magic
 45702 | Lair:5   | Noticed a four-headed hydra
 45714 | Lair:5   | Killed a four-headed hydra
 45819 | Shoals:1 | Entered Level 1 of the Shoals
 45859 | Shoals:1 | Reached skill level 2 in Conjurations
 45859 | Shoals:1 | Reached skill level 2 in Ice Magic
 45967 | Shoals:1 | Reached skill level 3 in Ice Magic
 45970 | Shoals:1 | Reached skill level 3 in Conjurations
 46629 | Shoals:2 | Reached skill level 4 in Conjurations
 46629 | Shoals:2 | Reached skill level 4 in Ice Magic
 47114 | Shoals:2 | Reached skill level 5 in Conjurations
 47212 | Shoals:2 | Reached skill level 5 in Ice Magic
 47868 | Shoals:3 | Found Thraimur's Gadget Shop.
 47981 | Shoals:3 | Reached skill level 6 in Ice Magic
 48172 | Shoals:3 | Reached skill level 6 in Conjurations
 49103 | Shoals:4 | Reached skill level 7 in Ice Magic
 49129 | Shoals:4 | Reached skill level 7 in Conjurations
 49306 | Shoals:4 | Found a glowing golden altar of the Shining One.
 49449 | Shoals:5 | Entered Level 5 of the Shoals
 49461 | Shoals:5 | Reached skill level 8 in Ice Magic
 49707 | Shoals:5 | Reached XP level 19. HP: 131/135 MP: 30/36
 49714 | Shoals:5 | Reached skill level 8 in Conjurations
 50137 | Shoals:5 | Reached skill level 9 in Ice Magic
 50632 | Shoals:5 | Reached skill level 9 in Conjurations
 50670 | Shoals:5 | Noticed Ilsuiw
 51235 | Shoals:5 | Got a barnacled rune of Zot
 51401 | Shoals:5 | Reached skill level 10 in Ice Magic
 51648 | Shoals:5 | Learned a level 4 spell: Summon Lightning Spire
 51986 | Shoals:5 | Reached skill level 10 in Conjurations
 52180 | Snake:1  | Entered Level 1 of the Snake Pit
 52184 | Snake:1  | Reached skill level 5 in Air Magic
 52239 | Snake:1  | Noticed Donald
 52249 | Snake:1  | Killed Donald
 52255 | Snake:1  | Identified a cursed -1 rod of striking (11/11) (You found it on level 1 of the Snake Pit)
 53047 | Snake:1  | Reached skill level 6 in Air Magic
 53220 | Snake:1  | Gained mutation: You take slightly more damage. (-3 AC) [Ru sacrifice]
 53220 | Snake:1  | Acquired Ru's fifth power
 54280 | Snake:2  | Reached skill level 7 in Air Magic
 54469 | Snake:2  | Reached skill level 11 in Conjurations
 54769 | Snake:2  | Noticed Kirke
 54791 | Snake:2  | Killed Kirke
 55066 | Snake:2  | Noticed Vashnia
 55361 | Snake:2  | Killed Vashnia
 55361 | Snake:2  | Reached XP level 20. HP: 62/142 MP: 5/37
 56474 | Snake:3  | Noticed Louise
 56479 | Snake:3  | Killed Louise
 56530 | Snake:3  | Found Inwor's Armour Boutique.
 56834 | Snake:3  | Reached skill level 12 in Conjurations
 57082 | Snake:3  | Found Hymp's Assorted Antiques.
 57313 | Snake:3  | Reached skill level 11 in Ice Magic
 57388 | Snake:3  | Found Twox's Antique Armour Boutique.
 57392 | Snake:3  | Found Cuil's Jewellery Emporium.
 57401 | Snake:3  | Bought an uncursed ring of see invisible for 270 gold pieces
 58870 | Snake:4  | Noticed Rupert
 58888 | Snake:4  | Killed Rupert
 58888 | Snake:4  | Reached skill level 12 in Spellcasting
 59137 | Snake:5  | Entered Level 5 of the Snake Pit
 59152 | Snake:5  | Found a flickering gateway to a bazaar.
 59157 | Bazaar   | Entered a bazaar
 59157 | Bazaar   | Found Zousuh's Antique Weapon Shop.
 59169 | Bazaar   | Found Prir's Antique Armour Shop.
 59189 | Bazaar   | Found Jaivid's Distillery.
 59202 | Bazaar   | Bought a potion of magic for 77 gold pieces
 59202 | Bazaar   | Bought a potion of might for 35 gold pieces
 59234 | Bazaar   | Bought 2 potions of haste for 196 gold pieces
 59234 | Bazaar   | Bought a potion of haste for 98 gold pieces
 59251 | Bazaar   | Bought a dazzling dagger for 196 gold pieces
 59252 | Bazaar   | Identified the +2 dagger of Oozing Pus {vamp, +Rage rPois Int+1} (You bought it in a shop in a bazaar)
 59262 | Bazaar   | Learned a level 5 spell: Phase Shift
 60516 | Snake:5  | Reached skill level 13 in Conjurations
 60903 | Snake:5  | Reached skill level 12 in Ice Magic
 60964 | Snake:5  | Reached XP level 21. HP: 73/147 MP: 6/38
 62087 | Snake:5  | Got a serpentine rune of Zot
 62449 | Lair:2   | Upgraded the game from 0.16-a0-1167-g3157814 to 0.16-a0-1183-g5b05a17
 62518 | D:11     | Killed Fannar
 62614 | Vaults:1 | Entered Level 1 of the Vaults
 62623 | Vaults:1 | Reached skill level 1 in Staves
 62631 | Vaults:1 | Reached skill level 2 in Staves
 62765 | Vaults:1 | Reached skill level 1 in Translocations
 62894 | Vaults:1 | Reached skill level 2 in Translocations
 63243 | Vaults:1 | Reached skill level 3 in Translocations
 63561 | Vaults:1 | Reached skill level 4 in Translocations
 63893 | Vaults:1 | Reached skill level 5 in Translocations
 64753 | Vaults:1 | Reached skill level 6 in Translocations
 64879 | Vaults:1 | Reached skill level 7 in Translocations
 64985 | Vaults:1 | Learned a level 1 spell: Apportation
 65485 | Vaults:2 | Reached skill level 8 in Translocations
 65995 | Vaults:2 | Reached skill level 9 in Translocations
 66152 | Vaults:2 | Noticed Xtahua
 66156 | Vaults:2 | Killed Xtahua
 66904 | Vaults:2 | Reached skill level 10 in Translocations
 67258 | Vaults:2 | Reached skill level 1 in Long Blades
 67403 | Vaults:3 | Reached skill level 2 in Long Blades
 67484 | Vaults:3 | Reached skill level 3 in Long Blades
 67560 | Vaults:3 | Reached XP level 22. HP: 149/153 MP: 39/39
 67673 | Vaults:3 | Reached skill level 4 in Long Blades
 67870 | Vaults:3 | Reached skill level 5 in Long Blades
 68267 | Vaults:3 | Reached skill level 6 in Long Blades
 68630 | Vaults:3 | Found a staircase to the Crypt.
 68817 | Vaults:3 | Reached skill level 7 in Long Blades
 69414 | Vaults:3 | Reached skill level 8 in Long Blades
 69602 | Vaults:3 | Found Mnava's Food Boutique.
 70140 | Vaults:4 | Reached skill level 9 in Long Blades
 70856 | Vaults:4 | Noticed Mennas
 71142 | Vaults:4 | Found Shraggij's Weapon Boutique.
 71289 | Vaults:4 | Reached skill level 10 in Long Blades
 71380 | Vaults:4 | Noticed Sar's ghost (great FoAK)
 72311 | D:14     | Learned a level 7 spell: Controlled Blink
 72859 | Depths:1 | Noticed a lich
 72864 | Depths:1 | Killed a lich
 72902 | Depths:1 | Reached skill level 11 in Long Blades
 73692 | Depths:1 | Reached skill level 12 in Long Blades
 73905 | Depths:1 | Found Zafaakeana's Armour Shop.
 74271 | Depths:1 | Found a gateway to Hell.
 74680 | Depths:2 | Found Ubaczac's Weapon Shop.
 74698 | Depths:2 | Reached XP level 23. HP: 159/159 MP: 40/40
 74898 | Depths:2 | Reached skill level 14 in Fighting
 74939 | Depths:2 | Noticed a greater mummy
 74952 | Depths:2 | Killed a greater mummy
 75820 | Depths:2 | Noticed Saint Roka
 75835 | Depths:2 | Reached skill level 13 in Spellcasting
 75836 | Depths:2 | Killed Saint Roka
 76496 | Depths:2 | Found a one-way gate to the infinite horrors of the Abyss.
 76837 | Depths:2 | Reached skill level 14 in Conjurations
 78163 | Depths:3 | Found a one-way gate leading to the halls of Pandemonium.
 78472 | Depths:3 | Noticed an ancient lich
 78472 | Depths:3 | Noticed an ancient lich
 78473 | Depths:3 | Found a gateway to a ziggurat.
 78740 | Depths:3 | Reached skill level 14 in Spellcasting
 78963 | Depths:3 | Reached skill level 15 in Conjurations
 80370 | Depths:4 | Reached XP level 24. HP: 167/167 MP: 39/41
 81371 | Depths:4 | Reached skill level 15 in Spellcasting
 81667 | Depths:4 | Reached skill level 15 in Dodging
 82114 | Depths:5 | Entered Level 5 of the Depths
 82124 | Depths:5 | Noticed Margery
 82132 | Depths:5 | Killed Margery
 82777 | Depths:5 | Reached skill level 15 in Fighting
 82786 | Depths:5 | Noticed Jory
 83247 | Depths:4 | Upgraded the game from 0.16-a0-1183-g5b05a17 to 0.16-a0-1196-ged0958e
 84308 | Elf:3    | Learned a level 5 spell: Silence
 84884 | Hell     | Entered the Vestibule of Hell
 84884 | Hell     | Noticed Geryon
 84908 | Hell     | Killed Geryon
 85220 | Depths:5 | Reached skill level 16 in Fighting
 85488 | Depths:5 | Found a gate to the Realm of Zot.
 86206 | Depths:5 | Reached skill level 16 in Dodging
 87080 | Depths:5 | Reached XP level 25. HP: 82/177 MP: 27/42
 87083 | Depths:5 | Noticed Sojobo
 87086 | Depths:5 | HP: 10/177 [miscasting Controlled Blink (30)]
 87088 | Depths:5 | HP: 3/177 [Sojobo/the air (25)]
 88385 | Snake:3  | Bought an uncursed ring of positive energy for 360 gold pieces
 88385 | Snake:3  | Bought an uncursed ring of protection from fire for 450 gold pieces
 88928 | Crypt:1  | Entered Level 1 of the Crypt
 89141 | Crypt:1  | Reached skill level 17 in Dodging
 89909 | Crypt:2  | Noticed Mara
 89921 | Crypt:2  | Noticed MackTheKnife's illusion
 90005 | Crypt:3  | Entered Level 3 of the Crypt
 90564 | Crypt:3  | Noticed Jorgrun
 90578 | Crypt:3  | Killed Jorgrun
 90626 | Crypt:3  | Reached skill level 17 in Fighting
 91112 | Crypt:3  | Found a staircase to the Tomb.
 91398 | Crypt:3  | Reached skill level 14 in Stealth
 92311 | Crypt:3  | Reached skill level 15 in Stealth
 92677 | Crypt:3  | Found a basalt altar of Yredelemnul.
 92679 | Crypt:3  | Found an ancient bone altar of Kikubaaqudgha.
 93140 | Crypt:3  | Reached skill level 13 in Ice Magic
 93435 | Crypt:3  | Got a pitted lead ring
 93442 | Crypt:3  | Got a sparkling glass ring
 93442 | Crypt:3  | Got a flickering golden ring
 93450 | Crypt:3  | Identified the ring of Yggete Thau {rElec rF- rN+ Dex+1} (You found it on level 3 of the Crypt)
 93452 | Crypt:3  | Identified the ring "Wug Phia" {rElec rN+} (You found it on level 3 of the Crypt)
 93456 | Crypt:3  | Identified the ring of Pride {Wiz Contam rF++} (You found it on level 3 of the Crypt)
 93460 | Crypt:3  | Got a transparent lapis lazuli ring
 93462 | Crypt:3  | Identified the ring "Criroil" {rN+ SInv} (You found it on level 3 of the Crypt)
 93470 | Crypt:3  | Got a pitted cutlass
 93471 | Crypt:3  | Identified the +6 cutlass "Ameapp" {elec, rC+ Str+1} (You found it on level 3 of the Crypt)
 94574 | Lair:2   | Learned a level 9 spell: Glaciate
 95060 | Vaults:5 | Entered Level 5 of the Vaults
 95525 | Vaults:4 | Reached skill level 11 in Translocations
 95686 | Vaults:4 | Killed Mennas
 96135 | Vaults:5 | Reached XP level 26. HP: 173/187 MP: 38/43
 96135 | Vaults:5 | Reached skill level 12 in Translocations
 96395 | Vaults:4 | Killed Sar's ghost
 96758 | Vaults:4 | Reached skill level 13 in Translocations
 98146 | Vaults:5 | Noticed Wiglaf
 99437 | Depths:3 | Killed an ancient lich
 99437 | Depths:3 | Reached skill level 16 in Conjurations
 99437 | Depths:3 | Reached skill level 14 in Ice Magic
 99448 | Depths:3 | Killed an ancient lich
 99501 | Zig:1    | Entered Level 1 of a ziggurat
 99653 | Zig:2    | Entered Level 2 of a ziggurat
 99738 | Zig:3    | Entered Level 3 of a ziggurat
 99882 | Zig:4    | Entered Level 4 of a ziggurat
100013 | Zig:4    | Got a slimy cutlass
100014 | Zig:4    | Identified the cursed +9 cutlass of the Stork {freeze, Str+1 Stlth+} (You found it on level 4 of a ziggurat)
100033 | Zig:5    | Entered Level 5 of a ziggurat
100231 | Zig:6    | Entered Level 6 of a ziggurat
100511 | Zig:6    | Got a silk robe
100512 | Zig:6    | Identified the cursed -3 robe "Nonobuna" {rC+ MR++} (You found it on level 6 of a ziggurat)
100557 | Zig:7    | Entered Level 7 of a ziggurat
100673 | Zig:7    | Got a transparent golden ring
100675 | Zig:7    | Identified the ring "Plog" {SustAb +Blink +Rage +Inv rPois} (You found it on level 7 of a ziggurat)
100712 | Zig:8    | Entered Level 8 of a ziggurat
100838 | Zig:9    | Entered Level 9 of a ziggurat
100910 | Zig:9    | Noticed an ancient lich
100966 | Zig:9    | Killed an ancient lich
101107 | Zig:9    | Identified Phaat's Catalogue of Creation (You found it on level 9 of a ziggurat)
101115 | Zig:10   | Entered Level 10 of a ziggurat
101141 | Zig:10   | Reached skill level 15 in Ice Magic
101353 | Zig:10   | Got a warped wooden ring
101354 | Zig:10   | Identified the ring "Hymah" {SustAb Str+3 Int+3} (You found it on level 10 of a ziggurat)
101396 | Zig:11   | Entered Level 11 of a ziggurat
101408 | Zig:11   | Noticed a greater mummy
101408 | Zig:11   | Noticed a greater mummy
101408 | Zig:11   | Noticed a greater mummy
101409 | Zig:11   | Noticed a greater mummy
101412 | Zig:11   | Reached skill level 17 in Conjurations
101416 | Zig:11   | HP: 18/187 [bennu (13)]
101416 | Zig:11   | HP: 8/187 [bennu (10)]
101416 | Zig:11   | Mangled by an emperor scorpion

Vanquished Creatures
  3 ancient liches
  A greater mummy (Depths:2)
  Saint Roka (Depths:2)
  A curse toe (Crypt:3)
  Margery (Depths:5)
  Mennas (Vaults:4)
  The ghost of Sar the Envoy of Void, a great FoAK of Lugonu (Vaults:4)
  Geryon (Hell)
  A profane servitor (Crypt:3)
  2 golden dragons (Depths:4)
  Xtahua (Vaults:2)
  A bone dragon (Depths:5)
  Vashnia (Snake:2)
  8 liches
  A deep elf master archer (Elf:3)
  A deep elf blademaster (Elf:3)
  A quicksilver dragon (Vaults:4)
  3 titans
  3 krakens
  3 storm dragons
  3 tengu reavers
  Rupert (Snake:4)
  The ghost of MackTheKnife the Carver, a mighty DgAE (Elf:3)
  Kirke (Snake:2)
  5 sphinxes
  11 ancient champions
  6 fire giants
  A draconian monk (Zig:10)
  8 greater nagas
  3 revenants
  14 frost giants
  An iron dragon (Vaults:4)
  Donald (Snake:1)
  11 deep elf sorcerers
  A draconian knight (Depths:5)
  2 draconian scorchers
  3 emperor scorpions
  Aizul (Elf:1)
  A ghost moth (Zig:6)
  Louise (Snake:3)
  An orc warlord (Orc:4)
  2 draconian zealots
  5 vault wardens
  Jorgrun (Crypt:3)
  A spriggan defender (Depths:4)
  3 ghouls (Crypt:3)
  3 draconian shifters (Zig:10)
  6 very ugly things
  A war gargoyle (Vaults:4)
  7 deep elf demonologists
  4 draconian callers
  A grey draconian (Depths:5)
  2 purple draconians
  A green draconian (Zig:10)
  26 stone giants
  3 black draconians
  2 rakshasas (Depths:3)
  4 vampire knights
  2 pale draconians
  14 deep elf annihilators
  2 red draconians (Depths:5)
  A yellow draconian (Zig:3)
  An unborn (Crypt:3)
  3 dire elephants
  A green death (Zig:7)
  A mottled draconian (Depths:5)
  2 white draconians
  5 deep elf death magi
  6 large abominations
  4 ettins
  3 minotaurs
  A blizzard demon (Depths:5)
  3 eidola
  11 merfolk javelineers
  A mummy priest (Zig:11)
  13 jiangshi
  9 merfolk impalers
  29 vault guards
  13 fire dragons
  11 great orbs of eyes
  11 ironheart preservers
  Fannar (D:11)
  8 yaktaur captains
  Harold (D:12)
  6 deep elf high priests (Elf:3)
  14 ice dragons
  17 naga warriors
  Nessos (D:11)
  14 ogre magi
  2 spriggan air magi
  4 merfolk aquamancers
  12 hydras
  17 anacondas
  6 merfolk avatars
  11 deep troll earth magi
  2 dancing weapons (Elf:2)
  15 centaur warriors
  2 alligator snapping turtles
  8 deep troll shamans
  23 death yaks
  6 satyrs
  5 vampire magi
  4 orc high priests (Orc:4)
  4 shock serpents
  3 spriggan berserkers
  A storm dragon zombie (Crypt:3)
  2 sun demons
  A catoblepas (Lair:7)
  A hell hog (Zig:1)
  27 naga sharpshooters
  4 soul eaters
  19 deep elf knights
  2 fire crabs
  12 hell knights
  23 skeletal warriors
  5 shadow wraiths
  4 salamander mystics
  5 unseen horrors
  A storm dragon skeleton (Vaults:3)
  An iron troll (Depths:2)
  24 deep trolls
  11 deep elf summoners
  16 sea snakes
  14 naga ritualists
  3 giant orange brains
  11 ironbrand convokers
  Erolcha (Orc:2)
  An anaconda zombie (Crypt:3)
  5 wizards
  An ice statue (IceCv)
  17 orc knights
  8 hill giants
  9 flayed ghosts
  3 tengu zombies
  3 orb spiders (Zig:6)
  2 swamp dragons
  A wolf spider (shapeshifter) (Vaults:4)
  7 phantasmal warriors
  11 mana vipers
  3 sphinx zombies
  A griffon (shapeshifter) (Zig:8)
  2 death drakes (Zig:10)
  12 necromancers
  A hellion (Depths:1)
  8 manticores
  9 wolf spiders
  3 harpies (Shoals:5)
  20 fauns
  3 tengu skeletons
  13 deep elf conjurers
  A frost giant zombie (Depths:2)
  2 harpies (shapeshifter)
  A shadow dragon skeleton (Crypt:3)
  3 orc sorcerers (Orc:4)
  9 water nymphs
  13 cyclopes
  3 human zombies
  19 salamanders
  2 fire giant zombies
  An oklob plant (Shoals:4)
  9 sirens
  16 griffons
  6 red wasps
  2 sphinx skeletons (Vaults:3)
  4 guardian serpents
  31 ugly things
  21 elephants (Lair:5)
  A shock serpent zombie (Crypt:2)
  2 fire giant skeletons
  2 spriggan zombies
  2 frost giant skeletons
  2 hell beasts (Hell)
  35 naga magi
  A gargoyle (D:12)
  A spiny frog (shapeshifter) (Depths:1)
  14 spiny frogs
  16 vault sentinels
  3 torpor snails
  An orange crystal statue (Zig:7)
  2 centaur skeletons (D:14)
  41 black mambas
  A ghost moth simulacrum (Crypt:3)
  A kobold demonologist (Vaults:2)
  A fire drake (shapeshifter) (Depths:3)
  3 tengu conjurers
  8 komodo dragons
  2 fire drakes
  3 blue devils (Depths:5)
  2 rust devils
  8 guardian mummies
  11 deep elf priests
  A merfolk (shapeshifter) (Depths:4)
  A troll (shapeshifter) (Vaults:4)
  4 wandering mushrooms (D:8)
  A sea snake skeleton (Crypt:3)
  18 yaktaurs
  4 wind drakes
  44 merfolk
  15 freezing wraiths
  2 silent spectres (Crypt:2)
  9 trolls
  7 blink frogs
  3 red devils
  A sphinx simulacrum (Vaults:2)
  2 giant leeches
  A moth of wrath zombie (Crypt:3)
  19 polar bears
  A giant leech (shapeshifter) (Vaults:3)
  A jumping spider (Elf:1)
  3 bog bodies (Zig:7)
  A harpy skeleton (Crypt:1)
  A fire dragon zombie (Crypt:3)
  25 two-headed ogres
  2 boulder beetles
  A death drake skeleton (Crypt:3)
  30 slime creatures
  2 spectral guardian serpents (Crypt:1)
  A raven (shapeshifter) (Vaults:2)
  A stone giant simulacrum (Vaults:2)
  The ghost of M4edhros the Charlatan, an average OpAr (D:5)
  5 ravens
  2 ettin zombies
  7 snapping turtles
  A trapdoor spider (Zig:6)
  A griffon zombie (D:14)
  A flying skull (Zig:11)
  A fire giant simulacrum (Vaults:2)
  3 air elementals (Depths:4)
  A spriggan (shapeshifter) (Elf:1)
  4 tarantellas
  3 wyverns
  13 redbacks
  4 spriggans
  An ettin skeleton (Crypt:3)
  A fire dragon skeleton (Crypt:3)
  38 deep elf magi
  5 shadows
  3 vampires (Crypt:3)
  14 water elementals
  4 hill giant zombies
  A dire elephant simulacrum (Crypt:3)
  The ghost of Talonman the Cudgeler, an average DsGl (D:3)
  30 deep elf fighters
  2 golden eyes (shapeshifter)
  29 wolves
  A steam dragon (D:14)
  67 yaks
  A hog (shapeshifter) (D:14)
  A chaos spawn (Depths:2)
  6 hogs (Snake:2)
  5 wraiths
  21 hippogriffs
  68 nagas
  2 wargs
  A deep troll zombie (Vaults:4)
  A warg (shapeshifter) (Depths:4)
  A merfolk zombie (Crypt:2)
  48 water moccasins
  10 hungry ghosts
  24 vampire mosquitoes
  A soldier ant (D:12)
  A hell hound (Zig:5)
  A sky beast (D:8)
  A spiny frog zombie (Crypt:3)
  2 mottled dragons (D:11)
  52 orc warriors
  A gelid demonspawn skeleton (Crypt:1)
  5 swamp drakes
  4 porcupines
  9 yellow wasps
  A deep troll skeleton (Vaults:4)
  5 spiders
  8 phantoms
  A black bear (shapeshifter) (D:15)
  5 necrophages
  2 ice beasts
  8 black bears
  67 ogres
  13 boggarts
  4 human skeletons (Vaults:3)
  A snapping turtle skeleton (Crypt:3)
  2 elf skeletons
  A boring beetle (Lair:5)
  35 centaurs
  5 big kobolds
  17 crocodiles
  An earth elemental (D:12)
  4 yaktaur skeletons
  16 giant frogs
  A glowing shapeshifter simulacrum (Zig:11)
  8 small abominations (Depths:2)
  20 killer bees
  4 eyes of draining
  3 scorpions
  4 jellies
  10 wights
  2 troll skeletons
  12 crimson imps
  2 goliath beetles (D:9)
  3 electric eels
  A human simulacrum (Vaults:4)
  4 elf zombies
  2 centaur zombies
  41 orc wizards
  10 hounds
  6 orange rats
  A black bear skeleton (D:8)
  22 orc priests
  10 worker ants
  9 iguanas
  A yaktaur simulacrum (Vaults:1)
  2 iron imps
  36 sheep
  6 ogre zombies
  Ijyb (D:2)
  A crocodile skeleton (D:8)
  23 mummies
  A hound zombie (D:7)
  An orange rat skeleton (Crypt:1)
  A worker ant zombie (D:7)
  3 gnolls (Bailey)
  A steam dragon zombie (Crypt:1)
  31 adders
  A scorpion zombie (Crypt:3)
  A steam dragon skeleton (Crypt:3)
  37 green rats
  5 shadow imps
  13 white imps
  2 giant mites
  A goliath beetle zombie (D:7)
  A worm (D:3)
  An adder zombie (D:4)
  A sheep skeleton (Crypt:1)
  An iguana skeleton (D:5)
  A lava snake skeleton (Crypt:3)
  6 giant geckos
  4 oozes
  169 orcs
  16 bats
  3 bat skeletons
  4 giant cockroaches
  22 hobgoblins
  13 jackals
  48 kobolds
  15 quokkas
  3 ball pythons
  2 giant gecko zombies
  4 giant newts
  2 giant spores
  14 goblins
  2 goblin skeletons (D:12)
  2 goblin zombies (D:12)
  2 hobgoblin skeletons (D:12)
  A hobgoblin zombie (D:12)
  A jackal zombie (D:8)
  2 kobold zombies
  5 orc skeletons
  17 orc zombies
  16 rats
  7 ballistomycetes
  2 crawling corpses (Elf:3)
  A plant (Shoals:5)
2793 creatures vanquished.

Vanquished Creatures (others)
  A greater naga (Snake:4)
  A fire giant (Depths:3)
  A vampire knight (Depths:1)
  A stone giant (Depths:2)
  3 jiangshi
  A spriggan air mage (Depths:5)
  A shock serpent (Snake:3)
  A naga sharpshooter (Snake:5)
  A catoblepas (Depths:1)
  A faun (Shoals:3)
  7 drowned souls
  An elephant (Lair:5)
  A naga mage (Snake:5)
  A red wasp (Zig:7)
  A fire drake (Lair:8)
  A polar bear (Lair:1)
  2 two-headed ogres
  2 yaks (IceCv)
  4 lost souls
  An eye of draining (shapeshifter) (Depths:4)
  A crimson imp (D:14)
  An iron imp (Depths:5)
  A lightning spire (Snake:1)
  A sheep (Lair:5)
  2 orcs (Orc:4)
  A hobgoblin (D:7)
  A quokka (D:11)
  16 fungi
  23 plants
80 creatures vanquished.

Grand Total: 2873 creatures vanquished
